Map: Simulacrum LE

Players

Zest - Winner!

  • Race: Protoss Protoss
  • Spawn Location: 5:00

Liquidthermy (uThermal)

  • Race: Terran Terran
  • Spawn Location: 11:00

Event: Shopify TSL 5

VOD

Have the link to the VOD?

Description

Time

  • Played on: June 6, 2020, 10:13 a.m.
  • Length: 7:16

All games in this series

Show
View Real Time Build Order
Export as new Build Order

Zest Protoss - Winner!

Build Orders: 1 Gate Expand 

Get SALT Encoding   

  12  0:00  Probe  
  13  0:13  Probe  
  14  0:17  Pylon  
  14  0:25  Probe (Chrono Boost)  
  15  0:36  Gateway  
  15  0:37  Probe (Chrono Boost)  
  16  0:44  Probe (Chrono Boost)  
  16  0:46  Assimilator  
  17  0:51  Probe  
  18  1:03  Probe  
  19  1:15  Probe  
  20  1:23  Cybernetics Core  
  20  1:33  Nexus  
  20  1:36  Probe  
  21  1:42  Pylon  
  21  1:48  Probe  
  21  1:50  Assimilator  
  22  1:58  Adept (Chrono Boost)  
  22  2:00  Probe  
  25  2:03  Warp Gate  
  25  2:12  Probe  
  26  2:18  Stalker (Chrono Boost)  
  28  2:24  Probe  
  29  2:32  Robotics Facility  
  29  2:36  Probe  
  30  2:43  Stalker (Chrono Boost)  
  30  2:49  Probe x2  
  34  3:01  Probe  
  34  3:03  Probe  
  36  3:07  Gateway  
  36  3:10  Gateway  
  36  3:13  Probe  
  36  3:17  Stalker  
  36  3:19  Probe  
  40  3:27  Warp Prism (Chrono Boost)  
  42  3:43  Gateway  
  42  3:55  Stalker  
  44  3:57  Shield Battery, Observer  
  41  4:19  Probe x2  
  39  4:25  Stalker  
  38  4:31  Probe  
  38  4:35  Probe  
  38  4:36  Observer (Chrono Boost)  
  39  4:40  Stalker x3  
  39  4:43  Probe  
  45  4:47  Probe  
  46  4:59  Observer  
  46  5:10  Pylon  
  46  5:11  Pylon  
  46  5:18  Twilight Council  
  46  5:28  Probe (Chrono Boost)  
  47  5:30  Probe (Chrono Boost)  
  47  5:33  Observer (Chrono Boost)  
  49  5:39  Probe (Chrono Boost)  
  49  5:41  Probe (Chrono Boost)  
  51  5:43  Pylon  
  51  5:45  Probe (Chrono Boost)  
  51  5:46  Probe (Chrono Boost)  
  53  5:54  Probe  
  53  5:56  Probe  
  55  5:57  Gateway  
  55  5:58  Gateway  
  55  6:06  Probe (Chrono Boost)  
  57  6:11  Observer  
  57  6:16  Immortal (Chrono Boost)  
  56  6:19  Stalker x2  
  56  6:20  Stalker  
  66  6:31  Pylon  
  66  6:40  Shield Battery  
  66  6:46  Zealot x2  
  70  6:54  Zealot x4  
Show
View Real Time Build Order
Export as new Build Order

Liquidthermy Terran 

Build Orders:  

Get SALT Encoding   

  12  0:01  SCV  
  13  0:13  SCV  
  14  0:18  Supply Depot  
  14  0:25  SCV  
  15  0:40  SCV  
  15  0:41  Barracks  
  16  0:45  Refinery  
  16  0:52  SCV  
  17  1:04  SCV  
  18  1:16  SCV  
  19  1:28  Marine  
  19  1:29  Orbital Command  
  20  1:45  Command Center  
  20  1:55  SCV  
  20  1:57  Factory  
  21  2:03  Barracks Reactor  
  21  2:07  SCV  
  22  2:10  Supply Depot  
  22  2:19  SCV  
  22  2:20  Refinery  
  23  2:32  SCV  
  24  2:41  Starport  
  24  2:44  SCV  
  24  2:48  Hellion x2  
  29  2:57  SCV, Orbital Command  
  29  3:09  Hellion x2  
  29  3:10  SCV  
  34  3:17  Barracks Tech Lab  
  34  3:18  Medivac  
  36  3:22  SCV  
  37  3:28  SCV  
  38  3:38  Stimpack, Marauder  
  38  3:40  Widow Mine  
  41  3:44  Widow Mine  
  41  3:47  Supply Depot  
  41  3:48  SCV  
  42  3:54  SCV  
  41  3:59  Marauder  
  41  4:00  SCV  
  44  4:06  SCV  
  43  4:12  SCV  
  43  4:14  Supply Depot  
  42  4:23  Orbital Command  
  43  4:24  SCV  
  43  4:33  Barracks  
  43  4:36  SCV  
  44  4:40  Marauder, Factory Tech Lab  
  44  4:44  Supply Depot  
  42  4:48  SCV, Liberator  
  46  4:53  Bunker  
  42  5:00  Siege Tank  
  43  5:11  Marauder  
  43  5:12  SCV  
  44  5:15  SCV  
  44  5:21  Marine  
  44  5:24  SCV  
  47  5:32  Siege Tank  
  50  5:36  Marauder  
  50  5:39  Marine  
  53  5:45  Supply Depot  
  53  5:47  Orbital Command  
  53  5:48  Barracks  
  52  5:52  SCV  
  53  5:57  Marine  
  54  6:07  SCV, Marauder, Siege Tank  
  60  6:11  Engineering Bay  
  60  6:17  Marine  
  61  6:19  SCV  
  62  6:28  Supply Depot  
  62  6:37  SCV  
  62  6:39  Marine  
  62  6:44  Marine  
  61  6:51  Missile Turret  
  62  6:54  Missile Turret  
Tags
 
Add a new tag
Caveats
  • Supply blocks, unpowered buildings, or Contaminate may cause inaccurate times.
  • Supply counts are checked every 10 seconds.